[Event "Titled Tuesday Blitz March 01 Early 2022"]
[White "Jumabayev, Rinat"]
[Black "Tillis., Bryan"]
[WhiteFideId "13702661"]
[BlackFideId "2059053"]
[WhiteElo "2561"]
[BlackElo "2480"]
[Result "1-0"]
[Round "01"]
[TimeControl "180+1"]
[Date "2022.03.01"]
[WhiteClock "0:00:06"]
[BlackClock "0:00:07"]

1. d4 d5 2. c4 e6 3. Nf3 Nf6 4. g3 g6 5. Bg2 Bg7 6. O-O O-O 7. Qc2 Nc6 8. Rd1 Ne7 9. Nc3 c6 10. b3 b6 11. e4 dxe4 12. Nxe4 Nxe4 13. Qxe4 Bb7 14. h4 Qc8 15. Ng5 h6 16. Nh3 Rd8 17. h5 g5 18. Bxg5 hxg5 19. Nxg5 Nf5 20. g4 Nh6 21. Rd3 Rd7 22. Rad1 c5 23. d5 exd5 24. cxd5 Qd8 25. Qh7+ Kf8 26. Ne6+ fxe6 27. dxe6 Rxd3 28. Rxd3 Qxd3 29. Qxd3 Bxg2 30. Kxg2 Re8 31. Qg6 Re7 32. f4 Ng8 33. g5 1-0


[Site "https://www.chess.com"]

[Event "Titled Tuesday Blitz March 01 Early 2022"]
[White "Kaplan, Ebru"]
[Black "Griffith, Kyron"]
[WhiteFideId "6315194"]
[BlackFideId "2046318"]
[WhiteElo "1941"]
[BlackElo "2232"]
[Result "0-1"]
[Round "01"]
[TimeControl "180+1"]
[Date "2022.03.01"]
[WhiteClock "0:00:18"]
[BlackClock "0:00:53"]

1. e4 d5 2. exd5 Nf6 3. Bb5+ Nbd7 4. Nf3 a6 5. Be2 b5 6. O-O Bb7 7. d4 Nb6 8. b3 Qxd5 9. Bb2 e6 10. c4 Qf5 11. d5 O-O-O 12. Nd4 Qg6 13. Bd3 Qh6 14. Nc6 Bxc6 15. dxc6 bxc4 16. bxc4 Bc5 17. a4 Rd6 18. Qf3 Rhd8 19. Bxf6 Rxd3 20. Bxg7 Qxg7 21. Qe4 Qxa1 0-1


[Site "https://www.chess.com"]

[Event "Titled Tuesday Blitz March 01 Early 2022"]
[White "Karavaeva, Olga"]
[Black "Horobetz, Graham"]
[WhiteFideId "4124111"]
[BlackFideId "2047322"]
[WhiteElo "2105"]
[BlackElo "2615"]
[Result "0-1"]
[Round "01"]
[TimeControl "180+1"]
[Date "2022.03.01"]
[WhiteClock "0:00:02"]
[BlackClock "0:00:09"]

1. c4 c5 2. Nc3 g6 3. g3 Bg7 4. Bg2 Nc6 5. Nf3 e5 6. O-O Nge7 7. Ne1 d6 8. Nc2 Be6 9. Ne3 Qd7 10. Re1 h5 11. h4 g5 12. hxg5 h4 13. g4 h3 14. Bf3 Nd4 15. d3 Ng6 16. Bd2 Nh4 17. Ne4 O-O-O 18. b4 b6 19. a4 cxb4 20. Bxb4 Qe7 21. a5 b5 22. cxb5 f5 23. gxf6 Bxf6 24. b6 a6 25. Qc1+ Kb8 26. Qc7+ Qxc7 27. bxc7+ Kxc7 28. Nxf6 Nhxf3+ 29. exf3 Nxf3+ 30. Kh1 Nxe1 31. Rxe1 d5 32. Nfxd5+ Bxd5+ 33. Nxd5+ Rxd5 34. Re3 Rh4 35. f3 Kd7 36. Kh2 Ke6 37. Be1 Rh7 38. f4 Rhd7 39. Bg3 Rxd3 40. Rxe5+ Kf7 41. Kxh3 Ra3 42. Kh4 Rdd3 43. Be1 Re3 44. Rf5+ Kg6 45. Rg5+ Kh6 46. Rh5+ Kg7 47. Bf2 Rh3+ 48. Kg5 Rxh5+ 49. Kxh5 Rxa5+ 50. f5 Rd5 0-1


[Site "https://www.chess.com"]

[Event "Titled Tuesday Blitz March 01 Early 2022"]
[White "Kirillov, Dmitry"]
[Black "Mohammad Fahad, Rahman"]
[WhiteFideId "34180572"]
[BlackFideId "10207791"]
[WhiteElo "2076"]
[BlackElo "2323"]
[Result "0-1"]
[Round "01"]
[TimeControl "180+1"]
[Date "2022.03.01"]
[WhiteClock "0:00:29"]
[BlackClock "0:01:12"]

1. d4 Nf6 2. c4 e6 3. Nf3 d5 4. e3 Be7 5. b3 O-O 6. Bd3 b6 7. O-O Bb7 8. Bb2 Nbd7 9. Nc3 c5 10. cxd5 Nxd5 11. Nxd5 Bxd5 12. Qe2 cxd4 13. Nxd4 Bf6 14. Rac1 Nc5 15. Bb1 Rc8 16. Rfd1 Qe7 17. e4 Bb7 18. g3 g6 19. e5 Bg7 20. Nb5 Ba6 21. Rd6 Nb7 22. Rdc6 Rxc6 23. Rxc6 Qd7 24. Rc7 Qxc7 25. Nxc7 Bxe2 26. Be4 Nc5 27. Bc6 Rc8 0-1


[Site "https://www.chess.com"]

[Event "Titled Tuesday Blitz March 01 Early 2022"]
[White "Kohler, Aran"]
[Black "Fus, Jakub"]
[WhiteFideId "1002856"]
[BlackFideId "1193023"]
[WhiteElo "2246"]
[BlackElo "2111"]
[Result "1/2-1/2"]
[Round "01"]
[TimeControl "180+1"]
[Date "2022.03.01"]
[WhiteClock "0:01:08"]
[BlackClock "0:00:32"]

1. d4 Nf6 2. Nf3 d5 3. Bg5 Ne4 4. Bf4 c5 5. e3 Nc6 6. c3 Qb6 7. Qb3 c4 8. Qxb6 axb6 9. Nbd2 Bf5 10. Nxe4 Bxe4 11. Nd2 Bg6 12. a3 b5 13. Rc1 e6 14. h4 h5 15. Be2 Kd7 16. O-O Be7 17. Bg3 f6 18. Bf3 Bd3 19. Rfe1 f5 20. Be2 Bxe2 21. Rxe2 g5 22. hxg5 Bxg5 23. Be5 Nxe5 24. dxe5 Rag8 25. f4 Be7 26. Nf3 Bc5 27. Kh2 Rg4 28. Rd1 h4 29. Nd4 Bxd4 30. Rxd4 Rg3 31. Kg1 h3 32. Rdd2 Ke7 33. Rd1 Kf7 34. Rdd2 hxg2 35. Rxg2 Rxe3 36. Rde2 Rhh3 37. Rxe3 Rxe3 38. Kf2 Rh3 39. Rg5 Rh2+ 40. Rg2 Rxg2+ 41. Kxg2 Ke7 42. Kg3 Kf7 43. Kh4 Kg6 44. Kg3 Kh5 45. Kh3 Kh6 46. Kh4 Kg6 47. Kg3 Kh5 48. Kh3 Kg6 49. Kh4 Kh6 50. Kg3 Kh5 1/2-1/2


[Site "https://www.chess.com"]

[Event "Titled Tuesday Blitz March 01 Early 2022"]
[White "Kollars, Dmitrij"]
[Black "Suder, Jakub"]
[WhiteFideId "12909572"]
[BlackFideId "1195310"]
[WhiteElo "2584"]
[BlackElo "2058"]
[Result "1-0"]
[Round "01"]
[TimeControl "180+1"]
[Date "2022.03.01"]
[WhiteClock "0:00:33"]
[BlackClock "0:00:16"]

1. c4 e6 2. Nf3 d5 3. g3 Nf6 4. Bg2 Be7 5. O-O O-O 6. b3 b6 7. Bb2 Bb7 8. cxd5 Bxd5 9. d4 c5 10. Nc3 Bb7 11. dxc5 Bxc5 12. a3 a5 13. Na4 Nbd7 14. Nxc5 Nxc5 15. Bd4 Rc8 16. b4 axb4 17. axb4 Nce4 18. Qb3 b5 19. Qb2 Qe7 20. Ra7 Ra8 21. Rfa1 Rxa7 22. Rxa7 Ra8 23. Rxa8+ Bxa8 24. Ng5 Qf8 25. Nxe4 Nxe4 26. f3 Nd6 27. Bc5 Qb8 28. Qe5 1-0


[Site "https://www.chess.com"]

[Event "Titled Tuesday Blitz March 01 Early 2022"]
[White "Kosakowski, Jakub"]
[Black "Sinitsina, Anastassia"]
[WhiteFideId "1185080"]
[BlackFideId "4504640"]
[WhiteElo "2476"]
[BlackElo "2144"]
[Result "1-0"]
[Round "01"]
[TimeControl "180+1"]
[Date "2022.03.01"]
[WhiteClock "0:01:55"]
[BlackClock "0:01:10"]

1. d4 Nf6 2. c4 g6 3. Nf3 Bg7 4. g3 O-O 5. Bg2 d6 6. O-O Nbd7 7. Nc3 e5 8. e4 Re8 9. Re1 c6 10. h3 Qc7 11. Be3 a6 12. Qc2 h6 13. Rad1 Qb8 14. b4 b5 15. c5 exd4 16. Nxd4 dxc5 17. Nxc6 Qc7 18. e5 Bb7 19. exf6 Nxf6 20. Bf4 Qb6 21. Ne7+ 1-0


[Site "https://www.chess.com"]

[Event "Titled Tuesday Blitz March 01 Early 2022"]
[White "Kostiukov, Alexandr"]
[Black "Brodowski, Piotr"]
[WhiteFideId "14108100"]
[BlackFideId "1124480"]
[WhiteElo "2202"]
[BlackElo "2422"]
[Result "0-1"]
[Round "01"]
[TimeControl "180+1"]
[Date "2022.03.01"]
[WhiteClock "0:00:13"]
[BlackClock "0:00:55"]

1. g3 d5 2. Bg2 Nf6 3. d3 g6 4. e4 Bg7 5. e5 Nfd7 6. f4 O-O 7. Nf3 c5 8. c4 dxc4 9. dxc4 Nc6 10. Nc3 Nb6 11. Qe2 Bg4 12. Be3 Nd4 13. Bxd4 cxd4 14. Nd5 Nxd5 15. cxd5 Qxd5 16. O-O Rad8 17. Rad1 Qc5 18. Qf2 Bxf3 19. Bxf3 b6 20. Rd2 f6 21. exf6 Bxf6 22. Rfd1 Kg7 23. Be4 Rc8 24. Bd3 e5 25. f5 Bg5 26. Re2 Be3 27. Rxe3 dxe3 28. Qe2 gxf5 29. b3 Rcd8 30. Rf1 e4 31. Bc4 Rd2 32. Qh5 e2+ 33. Kh1 exf1=Q+ 34. Bxf1 Qe3 0-1


[Site "https://www.chess.com"]

[Event "Titled Tuesday Blitz March 01 Early 2022"]
[White "Kozusek, Daniel"]
[Black "Silva, Mariana Sofia T."]
[WhiteFideId "349500"]
[BlackFideId "1911899"]
[WhiteElo "2206"]
[BlackElo "1825"]
[Result "1-0"]
[Round "01"]
[TimeControl "180+1"]
[Date "2022.03.01"]
[WhiteClock "0:00:18"]
[BlackClock "0:00:20"]

1. d4 Nf6 2. Nf3 e6 3. Bf4 d5 4. e3 c5 5. Nbd2 Nc6 6. c3 Bd6 7. Bg3 O-O 8. Bd3 c4 9. Bc2 b5 10. e4 dxe4 11. Nxe4 Nxe4 12. Bxe4 Bb7 13. Bc2 b4 14. Qe2 bxc3 15. bxc3 Rc8 16. Rb1 Ba8 17. O-O Ne7 18. Bxh7+ Kxh7 19. Ng5+ Kg6 20. h4 Bxg3 21. fxg3 Qd5 22. Qc2+ Nf5 23. g4 Qxg2+ 24. Qxg2 Bxg2 25. gxf5+ exf5 26. Kxg2 Rfe8 27. Rf2 Re3 28. Rb7 f6 29. Nh3 Rxc3 30. Kh2 Re8 31. Rg2+ Kh6 32. Rbxg7 Re4 33. Rg8 Kh7 34. R8g7+ Kh6 35. R7g6+ Kh7 36. Rxf6 Rxh4 37. Rg3 Rc2+ 38. Kg1 Rxa2 39. Ng5+ Kh8 40. Rf8+ Kg7 41. Ne6+ Kh6 42. Rh8# 1-0


[Site "https://www.chess.com"]

[Event "Titled Tuesday Blitz March 01 Early 2022"]
[White "Kretov, Evgenij"]
[Black "Petrova, Irina"]
[WhiteFideId "4167821"]
[BlackFideId "14124122"]
[WhiteElo "2303"]
[BlackElo "1988"]
[Result "1-0"]
[Round "01"]
[TimeControl "180+1"]
[Date "2022.03.01"]
[WhiteClock "0:01:48"]
[BlackClock "0:01:13"]

1. d4 d5 2. c4 c6 3. Nc3 Nf6 4. e3 Bf5 5. cxd5 cxd5 6. Qb3 Qd7 7. Nf3 e6 8. Bb5 Nc6 9. Ne5 Qc8 10. Qa4 Bd6 11. Nxc6 bxc6 12. Bxc6+ Ke7 13. Bxa8 Qxa8 14. O-O Rc8 15. h3 Rc4 16. Qa6 Ne4 17. Nb5 Bb8 18. b3 Rc2 19. Ba3+ Ke8 20. Rac1 1-0


[Site "https://www.chess.com"]

[Event "Titled Tuesday Blitz March 01 Early 2022"]
[White "Krishnan, Varun"]
[Black "Putri, Regita Desyari"]
[WhiteFideId "5054508"]
[BlackFideId "7109083"]
[WhiteElo "2582"]
[BlackElo "1930"]
[Result "1-0"]
[Round "01"]
[TimeControl "180+1"]
[Date "2022.03.01"]
[WhiteClock "0:00:20"]
[BlackClock "0:00:13"]

1. e4 e5 2. Nf3 Nc6 3. Bb5 a6 4. Ba4 Nf6 5. O-O Be7 6. Re1 b5 7. Bb3 d6 8. a4 b4 9. a5 O-O 10. d3 Bg4 11. Nbd2 Nd4 12. Bc4 c5 13. c3 Nc6 14. Nf1 Nxa5 15. Ba2 Nc6 16. Ne3 Bh5 17. Nd5 a5 18. Nxf6+ Bxf6 19. Bd5 Rc8 20. Qa4 Ne7 21. Nd2 Nxd5 22. exd5 Bg6 23. Ne4 Bxe4 24. dxe4 Ra8 25. Qc6 Be7 26. Be3 Qc8 27. Qb5 Qc7 28. Rec1 Rfb8 29. Qe2 b3 30. Ra4 Bd8 31. Rca1 Qd7 32. Bd2 Ra7 33. Qd3 Rba8 34. h3 g6 35. Qe2 f5 36. exf5 Qxf5 37. Qc4 Qc2 38. Bh6 Qxb2 39. Qg4 Qxc3 40. Qe6+ Kh8 41. Qe8# 1-0


[Site "https://www.chess.com"]

[Event "Titled Tuesday Blitz March 01 Early 2022"]
[White "Krsnik Cohar, Ivan Vihor"]
[Black "Khamdamova, Afruza"]
[WhiteFideId "14520044"]
[BlackFideId "14210444"]
[WhiteElo "2414"]
[BlackElo "1660"]
[Result "1-0"]
[Round "01"]
[TimeControl "180+1"]
[Date "2022.03.01"]
[WhiteClock "0:00:20"]
[BlackClock "0:00:01"]

1. d4 Nf6 2. Bg5 d5 3. Nd2 e6 4. e3 Be7 5. Bd3 O-O 6. Qe2 c5 7. c3 b6 8. f4 Bb7 9. Ngf3 Ne4 10. Bxe7 Qxe7 11. O-O Nd7 12. Ne5 Nxd2 13. Qxd2 f6 14. Nxd7 Qxd7 15. Qc2 g6 16. Rf3 c4 17. Be2 Rae8 18. Rg3 Kf7 19. h4 f5 20. h5 Rg8 21. Kf2 Ke7 22. Rh1 Kd8 23. b3 gxh5 24. bxc4 Rxg3 25. Kxg3 Rg8+ 26. Kf2 dxc4 27. Bf1 Qg7 28. Kg1 h4 29. Rxh4 Qg3 30. Qf2 Qxf2+ 31. Kxf2 Rg7 32. g3 Bd5 33. Rh6 Ke7 34. a3 Kd6 35. Bh3 Be4 36. Bf1 Kd5 37. Rh5 b5 38. Be2 Kd6 39. Bf3 Bxf3 40. Kxf3 a5 41. Rh1 Rb7 42. g4 fxg4+ 43. Kxg4 Kd5 44. Kf3 Rg7 45. Rh5+ Kc6 46. a4 b4 47. Rc5+ Kb6 48. cxb4 axb4 49. Rxc4 Ka5 50. Rc6 Re7 51. Ke2 Kxa4 52. Kd3 h5 53. Kc4 Ka3 54. Ra6+ Kb2 55. Kxb4 h4 56. Ra5 Rh7 57. f5 exf5 58. Rxf5 h3 59. Rf1 h2 60. Rh1 Kc2 61. Kc4 Kd2 62. e4 Ke3 63. e5 Rc7+ 64. Kd5 1-0


[Site "https://www.chess.com"]

[Event "Titled Tuesday Blitz March 01 Early 2022"]
[White "Krysa, Leandro"]
[Black "Bintang, Rasyid A. Hidayat"]
[WhiteFideId "116807"]
[BlackFideId "7105355"]
[WhiteElo "2490"]
[BlackElo "2340"]
[Result "1/2-1/2"]
[Round "01"]
[TimeControl "180+1"]
[Date "2022.03.01"]
[WhiteClock "0:00:07"]
[BlackClock "0:00:20"]

1. e4 d5 2. exd5 Nf6 3. Nf3 Nxd5 4. d4 Bg4 5. Be2 e6 6. O-O Nc6 7. c4 Nb6 8. Nc3 Be7 9. h3 Bh5 10. Be3 O-O 11. c5 Nd5 12. Qb3 Rb8 13. Rfd1 Kh8 14. Nxd5 exd5 15. Rd2 Bf6 16. Qd1 Ne7 17. g4 Bg6 18. g5 Nf5 19. gxf6 Qxf6 20. Bg5 Qe6 21. Bd3 h6 22. Re2 Qc8 23. Bf4 Bh5 24. Re5 g6 25. Bxf5 gxf5 26. Qd3 Rg8+ 27. Kh2 f6 28. Re7 Qf8 29. Rae1 Re8 30. Rxe8 Bxe8 31. Qxf5 Bg6 32. Qxd5 Qg7 33. Rg1 Qh7 34. Nh4 Bf7 35. Rxg8+ Qxg8 36. Qf5 Qd8 37. Be3 b6 38. Ng6+ Kg7 39. Nf4 bxc5 40. dxc5 c6 41. Nh5+ Kf8 42. Nxf6 Qb8+ 43. Bf4 Qxb2 44. Nd7+ Ke7 45. Ne5 Qxf2+ 46. Kh1 Qf1+ 47. Kh2 Qf2+ 48. Kh1 Qf1+ 49. Kh2 Qf2+ 1/2-1/2


[Site "https://www.chess.com"]

[Event "Titled Tuesday Blitz March 01 Early 2022"]
[White "Lakshmi C"]
[Black "Artemenko, Oleg"]
[WhiteFideId "25035347"]
[BlackFideId "14201798"]
[WhiteElo "1775"]
[BlackElo "2287"]
[Result "0-1"]
[Round "01"]
[TimeControl "180+1"]
[Date "2022.03.01"]
[WhiteClock "0:01:33"]
[BlackClock "0:01:31"]

1. e4 e6 2. d4 d5 3. Nc3 Nf6 4. e5 Nfd7 5. f4 c5 6. Nf3 Nc6 7. Be3 Qb6 8. Qd2 Qxb2 9. Rb1 Qa3 10. Nb5 Qxa2 11. Rc1 Rb8 12. Be2 a6 13. Nd6+ Bxd6 14. exd6 Qa3 15. f5 cxd4 16. fxe6 Qxe3 17. exd7+ Kxd7 18. Qxe3 dxe3 19. c4 Kxd6 20. cxd5 Ne7 21. Bc4 f6 22. Ke2 b5 23. Bb3 Re8 24. Rhd1 a5 25. Nd4 a4 26. Ba2 b4 27. Bc4 Bg4+ 28. Nf3 b3 29. Kxe3 Rec8 30. Rd4 Nf5+ 31. Kd3 Bxf3 32. Rf4 Bxd5 33. Rxf5 Bxc4+ 0-1


[Site "https://www.chess.com"]

[Event "Titled Tuesday Blitz March 01 Early 2022"]
[White "Lou, Yiping"]
[Black "Bilan, Danila"]
[WhiteFideId "8603928"]
[BlackFideId "24161918"]
[WhiteElo "2412"]
[BlackElo "2164"]
[Result "1-0"]
[Round "01"]
[TimeControl "180+1"]
[Date "2022.03.01"]
[WhiteClock "0:01:27"]
[BlackClock "0:00:13"]

1. d4 d5 2. Bf4 Nf6 3. e3 c5 4. Nf3 Nc6 5. c3 Qb6 6. Qc2 g6 7. Nbd2 Bf5 8. Qb3 c4 9. Qxb6 axb6 10. a3 b5 11. Rc1 Nh5 12. Bg5 h6 13. Bh4 g5 14. Bg3 Nxg3 15. hxg3 Bg7 16. Be2 f6 17. Bd1 e5 18. Bc2 Bxc2 19. Rxc2 Ke7 20. g4 Rhf8 21. Nf1 exd4 22. Nxd4 Nxd4 23. exd4 f5 24. gxf5 b4 25. axb4 Ra1+ 26. Ke2 Kd6 27. Rh3 Rxf5 28. Ne3 Rf7 29. Rf3 Rxf3 30. Kxf3 Bf8 31. Re2 Rb1 32. Kg4 Kc6 33. Kf5 Kd6 34. Kf6 b6 35. Kf7 1-0


[Site "https://www.chess.com"]

[Event "Titled Tuesday Blitz March 01 Early 2022"]
[White "Maatman, Nick"]
[Black "Dubov, Daniil"]
[WhiteFideId "1040391"]
[BlackFideId "24126055"]
[WhiteElo "2519"]
[BlackElo "2791"]
[Result "0-1"]
[Round "01"]
[TimeControl "180+1"]
[Date "2022.03.01"]
[WhiteClock "0:00:03"]
[BlackClock "0:00:31"]

1. d4 Nf6 2. c4 c5 3. d5 b5 4. cxb5 a6 5. e3 e6 6. dxe6 fxe6 7. Nf3 d5 8. Nc3 Nbd7 9. bxa6 Bd6 10. Nb5 Rxa6 11. Nxd6+ Rxd6 12. Be2 O-O 13. O-O e5 14. b4 cxb4 15. Bb2 Qe7 16. Rc1 e4 17. Nd4 Ne5 18. Rxc8 Rxc8 19. Nf5 Qe6 20. Nxd6 Qxd6 21. Qb3 Nc4 22. Bd4 Nd2 23. Qb2 Nxf1 24. Bxf1 Ng4 25. g3 Rf8 26. Qe2 h5 27. h3 Rxf2 0-1


[Site "https://www.chess.com"]

[Event "Titled Tuesday Blitz March 01 Early 2022"]
[White "Makarian, Rudik"]
[Black "Batsiashvili, Nino"]
[WhiteFideId "44105681"]
[BlackFideId "13602993"]
[WhiteElo "2486"]
[BlackElo "2230"]
[Result "1-0"]
[Round "01"]
[TimeControl "180+1"]
[Date "2022.03.01"]
[WhiteClock "0:00:09"]
[BlackClock "0:00:05"]

1. d4 d5 2. c4 e6 3. Nf3 Nf6 4. Nc3 c5 5. e3 cxd4 6. exd4 Be7 7. cxd5 exd5 8. Bd3 O-O 9. h3 Nc6 10. O-O Re8 11. a3 Be6 12. Bf4 Qd7 13. Rc1 Bf5 14. Bb5 Rec8 15. Ne5 Qe8 16. Nxc6 bxc6 17. Ba6 Rd8 18. Bb7 Rab8 19. Ba6 Rxb2 20. Re1 Qf8 21. Na4 Ra2 22. Rxc6 Rxa3 23. Nc5 Ne4 24. Nxe4 dxe4 25. Bc4 Bf6 26. d5 Qb4 27. Bd2 Qb2 28. d6 Be5 29. Bc1 Qb4 30. Bxa3 Qxa3 31. Qd5 Qc3 32. Qxf7+ Kh8 33. Rf1 Bg6 34. Qd5 a5 35. d7 e3 36. Rc8 exf2+ 37. Kh1 Bf6 38. Qg8+ Rxg8 39. Rxg8# 1-0


[Site "https://www.chess.com"]

[Event "Titled Tuesday Blitz March 01 Early 2022"]
[White "Makhnev, Denis"]
[Black "Estrada Nieto, Julian"]
[WhiteFideId "13707647"]
[BlackFideId "5101018"]
[WhiteElo "2491"]
[BlackElo "2246"]
[Result "1-0"]
[Round "01"]
[TimeControl "180+1"]
[Date "2022.03.01"]
[WhiteClock "0:00:04"]
[BlackClock "0:00:02"]

1. d4 d5 2. c4 dxc4 3. Nf3 Nf6 4. e3 e6 5. Bxc4 c5 6. O-O a6 7. dxc5 Bxc5 8. Qxd8+ Kxd8 9. Nfd2 Nc6 10. Nb3 Ba7 11. Nc3 Ke7 12. Be2 Bd7 13. Bd2 Rhd8 14. Rfc1 Rac8 15. Be1 Be8 16. a3 Ne5 17. Rd1 Bb6 18. Kf1 g5 19. e4 Rxd1 20. Rxd1 Nc4 21. Bxc4 Rxc4 22. f3 g4 23. Bf2 Bxf2 24. Kxf2 gxf3 25. gxf3 Nd7 26. Rg1 Kf8 27. Ke3 f6 28. Rd1 Ne5 29. Nd2 Rc7 30. Ne2 Rc2 31. Rb1 Rc7 32. Nd4 Ke7 33. h3 Nc4+ 34. Nxc4 Rxc4 35. Rg1 Bg6 36. Kd3 b5 37. b3 Rc7 38. Ra1 e5 39. Ne2 f5 40. Nc3 fxe4+ 41. fxe4 Ke6 42. a4 b4 43. Nd5 Rc5 44. Nxb4 a5 45. Na2 Rc6 46. Nc3 Rd6+ 47. Ke3 Rd4 48. Rd1 Rb4 49. Rb1 h5 50. h4 Kd6 51. Rb2 Ke6 52. Rb1 Bh7 53. Kd3 Rd4+ 54. Ke3 Rb4 55. Rb2 Bg6 56. Rg2 Kf7 57. Rf2+ Kg7 58. Kd3 Rxb3 59. Kc4 Rb4+ 60. Kd5 Rd4+ 61. Kxe5 Rd3 62. Nd5 Ra3 63. Rg2 Rxa4 64. Kd6 Rxe4 65. Ne7 Rxe7 66. Kxe7 a4 67. Rg5 Kh6 68. Ra5 Be4 69. Rxa4 Bf3 70. Ra6+ Kg7 71. Ke6 Kg6 72. Ke5+ Kg7 73. Kf4 Kf7 74. Rb6 1-0


[Site "https://www.chess.com"]

[Event "Titled Tuesday Blitz March 01 Early 2022"]
[White "Makhnev, Denis"]
[Black "Miszler, Levente"]
[WhiteFideId "13707647"]
[BlackFideId "763276"]
[WhiteElo "2491"]
[BlackElo "1966"]
[Result "1-0"]
[Round "01"]
[TimeControl "180+1"]
[Date "2022.03.01"]
[WhiteClock "0:01:18"]
[BlackClock "0:00:16"]

1. Nf3 Nf6 2. c4 g6 3. g3 Bg7 4. Bg2 O-O 5. O-O d6 6. Nc3 Nc6 7. Rb1 a5 8. a3 e5 9. b4 axb4 10. axb4 Re8 11. b5 Nd4 12. d3 Bg4 13. Bg5 h6 14. Bxf6 Bxf6 15. Nd5 Bg7 16. b6 cxb6 17. Rxb6 Ra2 18. e3 Bxf3 19. Bxf3 Rd2 20. exd4 Rxd1 21. Rxd1 exd4 22. Rxb7 Qa5 23. Kg2 Qa2 24. h4 g5 25. hxg5 hxg5 26. Bh5 Re2 27. Bxf7+ Kf8 28. Rf1 Be5 29. Bh5 Rd2 30. Bg6 g4 31. Rf7+ Kg8 32. Ne7+ Kh8 33. Rh7# 1-0


[Site "https://www.chess.com"]

[Event "Titled Tuesday Blitz March 01 Early 2022"]
[White "Maltsevskaya, Aleksandra"]
[Black "Van den Dikkenberg, Erik"]
[WhiteFideId "24174041"]
[BlackFideId "1005880"]
[WhiteElo "2283"]
[BlackElo "2118"]
[Result "1-0"]
[Round "01"]
[TimeControl "180+1"]
[Date "2022.03.01"]
[WhiteClock "0:02:00"]
[BlackClock "0:01:08"]

1. Nf3 Nf6 2. c4 d6 3. Nc3 e5 4. d4 e4 5. Ng5 Bf5 6. Qb3 Qc8 7. c5 Bg6 8. h4 h5 9. e3 dxc5 10. Bc4 Be7 11. Bxf7+ Bxf7 12. Qxf7+ Kd8 13. Ne6+ Kd7 14. Nxc5+ Kd8 15. O-O Bxc5 16. dxc5 Nbd7 17. Rd1 c6 18. Ne2 Rf8 19. Qxf8+ 1-0


[Site "https://www.chess.com"]

[Event "Titled Tuesday Blitz March 01 Early 2022"]
[White "Manolache, Marius"]
[Black "parintele_chess"]
[WhiteFideId "1201530"]
[WhiteElo "2389"]
[BlackElo "2194"]
[Result "1-0"]
[Round "01"]
[TimeControl "180+1"]
[Date "2022.03.01"]
[WhiteClock "0:01:09"]
[BlackClock "0:00:07"]

1. d4 d5 2. c4 e6 3. Nc3 Nf6 4. cxd5 exd5 5. Bg5 c6 6. Qc2 Nbd7 7. e3 Be7 8. Bd3 O-O 9. Nge2 Re8 10. Bf4 Nf8 11. h3 Ne6 12. Be5 Nf8 13. O-O-O b5 14. Kb1 a5 15. g4 Ng6 16. f4 b4 17. Na4 Ba6 18. Bxa6 Rxa6 19. Ng3 Nxe5 20. dxe5 Nd7 21. e4 Nb6 22. Nxb6 Qxb6 23. exd5 cxd5 24. Rxd5 a4 25. Qd3 Ra5 26. Rxa5 Qxa5 27. Nf5 Bf8 28. Rd1 a3 29. Nd6 Bxd6 30. exd6 axb2 31. d7 Rd8 32. Kxb2 g6 33. g5 Qc5 34. h4 Qf2+ 35. Qd2 Qc5 36. Rc1 Qe7 37. Rc8 Kg7 38. Qd4+ Kf8 39. Rxd8+ Qxd8 40. Qd6+ Kg8 41. Kb3 1-0


[Site "https://www.chess.com"]

[Event "Titled Tuesday Blitz March 01 Early 2022"]
[White "Maranhao,Jose Renato Ruiz"]
[Black "Tasev, Dejan"]
[WhiteFideId "2135175"]
[BlackFideId "936618"]
[WhiteElo "1970"]
[BlackElo "2253"]
[Result "1/2-1/2"]
[Round "01"]
[TimeControl "180+1"]
[Date "2022.03.01"]
[WhiteClock "0:00:11"]
[BlackClock "0:00:31"]

1. e4 c6 2. d4 d5 3. e5 Bf5 4. Nf3 e6 5. Be2 Ne7 6. Be3 h6 7. Nbd2 Nd7 8. Nb3 g5 9. O-O Bg7 10. c4 dxc4 11. Bxc4 Nb6 12. Bd3 Bxd3 13. Qxd3 Ned5 14. Nc5 Qc7 15. Rac1 Nd7 16. Ne4 Bf8 17. a3 Be7 18. b4 a6 19. h3 f5 20. exf6 N7xf6 21. Nc5 Bxc5 22. bxc5 O-O 23. h4 g4 24. Ne5 Qg7 25. Qg6 Nxe3 26. fxe3 Nd5 27. Qxg7+ Kxg7 28. Nxg4 h5 29. Ne5 Nxe3 30. Rxf8 Rxf8 31. Rb1 Nf5 32. Rxb7+ Kh6 33. Nf7+ Kg6 34. Ne5+ Kh6 35. Nf7+ Kg6 36. Ne5+ Kh6 1/2-1/2


[Site "https://www.chess.com"]

[Event "Titled Tuesday Blitz March 01 Early 2022"]
[White "Melian, Juan Sebastian"]
[Black "Sjugirov, Sanan"]
[WhiteFideId "3706575"]
[BlackFideId "4189302"]
[WhiteElo "1842"]
[BlackElo "2602"]
[Result "0-1"]
[Round "01"]
[TimeControl "180+1"]
[Date "2022.03.01"]
[WhiteClock "0:00:03"]
[BlackClock "0:00:08"]

1. d4 Nf6 2. Nf3 g6 3. Bg5 Bg7 4. Nbd2 O-O 5. c3 d6 6. e4 Nbd7 7. Be2 e5 8. O-O h6 9. Bh4 Qe8 10. dxe5 dxe5 11. Qc2 Nh5 12. Rfe1 Kh8 13. Nc4 Nb6 14. Nxb6 axb6 15. a3 Be6 16. Rad1 Qc6 17. Rd2 Kg8 18. Red1 Nf4 19. Bf1 Bg4 20. Bg3 Bxf3 21. gxf3 Ne6 22. Rd5 Ng5 23. Qd3 Rfe8 24. Qe3 Qf6 25. Kg2 Qe6 26. Kg1 Nh7 27. Bc4 c6 28. Rd8 Qxc4 29. Qxb6 Raxd8 30. Rxd8 Rxd8 31. Qxd8+ Nf8 32. Qb8 Qb3 33. Bxe5 Bxe5 34. Qxe5 Qxb2 35. Qc5 Ne6 36. Qe7 Qb1+ 37. Kg2 Nf4+ 38. Kg3 Ne2+ 39. Kg2 Qg1+ 0-1


[Site "https://www.chess.com"]

[Event "Titled Tuesday Blitz March 01 Early 2022"]
[White "Mikhailov, Viacheslav"]
[Black "Rudzinska, Michalina"]
[WhiteFideId "4187369"]
[BlackFideId "1172883"]
[WhiteElo "2381"]
[BlackElo "1904"]
[Result "1-0"]
[Round "01"]
[TimeControl "180+1"]
[Date "2022.03.01"]
[WhiteClock "0:01:20"]
[BlackClock "0:00:58"]

1. Nf3 d6 2. g3 e5 3. Bg2 g6 4. O-O Bg7 5. c4 Nc6 6. Nc3 f5 7. d3 Nf6 8. Bg5 O-O 9. Nd5 Be6 10. Nd2 Kh8 11. b4 h6 12. Bxf6 Bxf6 13. Nxf6 Qxf6 14. b5 Nd8 15. e3 c6 16. bxc6 bxc6 17. Qa4 Bd7 18. Rab1 f4 19. Ne4 Qe7 20. c5 d5 21. Nd6 f3 22. Bh1 h5 23. Rb4 Nf7 24. Nxf7+ Qxf7 25. Rb7 a5 26. Rfb1 Rfc8 27. Qh4 Kg7 28. Qg5 Rd8 29. Qxe5+ Qf6 30. Qxf6+ Kxf6 31. Bxf3 Bf5 32. R1b6 Rac8 33. d4 Bd3 34. Ra7 Rb8 35. Rxc6+ Kg5 36. h4+ Kh6 37. Rb6 Rxb6 38. cxb6 Rb8 39. b7 Bc4 40. a3 g5 41. hxg5+ Kxg5 42. e4 Kf6 43. exd5 Ke7 44. Ra8 1-0


[Site "https://www.chess.com"]

[Event "Titled Tuesday Blitz March 01 Early 2022"]
[White "Mikhnenko, Alexander"]
[Black "Matlakov, Maxim"]
[WhiteFideId "34143014"]
[BlackFideId "4168003"]
[WhiteElo "2140"]
[BlackElo "2661"]
[Result "0-1"]
[Round "01"]
[TimeControl "180+1"]
[Date "2022.03.01"]
[WhiteClock "0:00:19"]
[BlackClock "0:00:57"]

1. e4 c5 2. Nf3 e6 3. Qe2 Nc6 4. g3 Nge7 5. Bg2 g6 6. O-O Bg7 7. c3 O-O 8. d4 cxd4 9. cxd4 Nxd4 10. Nxd4 Bxd4 11. Nc3 Nc6 12. Bh6 Bg7 13. Bxg7 Kxg7 14. Rad1 e5 15. Qb5 d6 16. Ne2 Qc7 17. Rc1 Be6 18. a3 a6 19. Qd3 Rac8 20. Rfd1 Rfd8 21. h4 h5 22. f4 Qb6+ 23. Kh2 Bg4 24. f5 Nd4 25. Nxd4 Bxd1 26. f6+ Kxf6 27. Rxd1 exd4 28. Rd2 Kg7 29. Rf2 Re8 30. Qf3 Qc7 31. Qf6+ Kg8 32. Qxd4 Qe7 33. Rd2 Red8 34. Qd5 Rc5 35. Qd4 Qe5 36. Qe3 Rdc8 37. b4 Rc3 38. Qf2 Rxa3 39. Rd5 Qe7 40. Qf4 Ra2 0-1


[Site "https://www.chess.com"]